 Dungeon Crawl Stone Soup version 0.31-a0-631-g285b096dc4 (webtiles) character file.

Game seed: 9792663696839761757

271 inmateoo the Covered (level 6, -17/53 HPs)
             Began as a Minotaur Fighter on Aug 26, 2023.
             Demolished by a gnoll
             ... wielding a +1 spear of distortion
             ... led by a gnoll bouda
              (20 damage)
             ... on level 4 of the Dungeon.
             The game lasted 00:02:49 (2764 turns).

inmateoo the Covered (Minotaur Fighter)             Turns: 2764, Time: 00:02:50

Health: -17/53     AC:  8    Str: 23    XL:     6   Next: 2%
Magic:  5/5        EV: 10    Int:  5    God:
Gold:   220        SH:  4    Dex:  9    Spells: 5/5 levels left

rFire   . . .        a - +1 war axe
rCold   . . .        c - +0 buckler
rNeg    . . .        b - +1 scale mail
rPois   .            (helmet restricted)
rElec   .            (no cloak)
rCorr   +            (no gloves)
SInv    +            (no boots)
Will    .....        (no amulet) Stlth
                     k - ring of see invisible
HPRegen 0.28/turn    i - ring of resist corrosion
MPRegen 0.09/turn

%: no passive effects
@: hasted, very quick
A: horns 2, retaliatory headbutt
a: no special abilities


You were on level 4 of the Dungeon.
You visited 1 branch of the dungeon, and saw 4 of its levels.

You collected 220 gold pieces.

Inventory:

Hand Weapons
 a - a +1 war axe (weapon)
Armour
 b - a +1 scale mail (worn)
 c - a +0 buckler (worn)
Jewellery
 i - a ring of resist corrosion (right hand)
 k - a ring of see invisible (left hand)
Scrolls
 j - a scroll of vulnerability
 l - 2 scrolls of revelation
 o - a scroll of teleportation
Potions
 d - 2 potions of might
 e - 3 potions of mutation
 g - a potion of lignification
 m - a potion of attraction {unknown}
 p - a potion of resistance {unknown}


   Skills:
 + Level 4.7 Fighting
 * Level 4.7 Axes
 + Level 4.7 Armour
 + Level 2.2 Dodging
 + Level 4.6 Shields


You had 5 spell levels left.
You didn't know any spells.
Your spell library contained the following spells:

 Spells                   Type           Power      Damage    Failure   Level
 Apportation              Tloc           0%         N/A       83%         1
 Tukima's Dance           Hex            0%         N/A       99%         3
 Passage of Golubria      Tloc           0%         N/A       100%        4
 Alistair's Intoxication  Tmut/Pois      0%         N/A       100%        5
 Yara's Violent Unravell  Hex/Tmut       0%         3d3       100%        5


Dungeon Overview and Level Annotations

Branches:
Dungeon (4/15)
 Temple: D:4-7

Altars:
Nemelex Xobeh


Innate Abilities, Weirdness & Mutations

You have a pair of horns on your head.
You reflexively headbutt those who attack you in melee.


Message History

* * * LOW HITPOINT WARNING * * *
You blink.
The quokka attacks as it pursues you!
The quokka bites you but does no damage.
The quokka barely misses you. The quokka attacks as it pursues you!
The quokka bites you but does no damage.
You slash the quokka!
You kill the quokka!
The gnoll attacks as it pursues you! You block the gnoll's attack.
The gnoll attacks as it pursues you! The gnoll hits you but does no damage.
The gnoll attacks as it pursues you!
The gnoll hits you from afar with a +1 spear of distortion!
* * * LOW HITPOINT WARNING * * *
The gnoll attacks as it pursues you! You block the gnoll's attack.
Okay, then.
You feel yourself speed up.
The gnoll hits you from afar with a +1 spear of distortion.
* * * LOW HITPOINT WARNING * * *
You blink.
Unknown command.
Okay, then.
As you read the scroll labelled TETETECSA, it crumbles to dust.
You feel aware of your surroundings.
It was a scroll of revelation.
As you read the scroll labelled AXOMIE BILIECW, it crumbles to dust.
It is a scroll of enchant weapon.
Your +0 war axe glows red for a moment.
You barely miss the gnoll.
The gnoll is heavily wounded.
The gnoll hits you with a +1 spear of distortion.
* * * LOW HITPOINT WARNING * * *
Space warps around you.
* * * LOW HITPOINT WARNING * * *
Unknown command.
You barely miss the gnoll. Your headbutt misses the gnoll.
The gnoll is heavily wounded.
The gnoll hits you with a +1 spear of distortion.
* * * LOW HITPOINT WARNING * * *
Space warps horribly around you!!
You die...

.##..###...########## ##
.....####..########## ##.
.##...####..######### ##..
####....##...######## #..#
# ###...##...####### #..#
###...#...###### #..#
###...#...##### #...
#####.....##### #.#.
######....@#### #..#
########...g### ##..
#########....### ##.
###########....#### ###
############......#######..
############.........#.....
##..##..........
#...##...#####. ##.....###
##


You could see a gnoll.

Vanquished Creatures
  A phantom (D:4)
  A gnoll bouda (D:3)
  An iguana (D:4)
  4 gnolls
  5 adders
  3 orcs
  2 ball pythons
  3 endoplasms
  2 giant cockroaches
  7 goblins
  6 hobgoblins
  5 jackals
  7 quokkas
  7 bats
  A frilled lizard (D:2)
  2 kobolds (D:4)
  6 rats
63 creatures vanquished.

Notes
Turn   | Place    | Note
-------+----------+-------------------------------------------
     0 | D:1      | inmateoo the Minotaur Fighter began the quest for the Orb.
     0 | D:1      | Reached XP level 1. HP: 19/19 MP: 0/0
    86 | D:1      | Reached XP level 2. HP: 19/27 MP: 1/1
   489 | D:2      | Reached XP level 3. HP: 33/33 MP: 2/2
   590 | D:2      | Reached skill level 1 in Dodging
   919 | D:2      | Found a faded altar of an unknown god.
  1187 | D:3      | Reached XP level 4. HP: 39/40 MP: 3/3
  2229 | D:4      | Reached XP level 5. HP: 41/47 MP: 4/4
  2331 | D:4      | Noticed a phantom
  2340 | D:4      | Killed a phantom
  2689 | D:4      | Found a sparkling altar of Nemelex Xobeh.
  2709 | D:4      | Reached XP level 6. HP: 53/53 MP: 5/5
  2725 | D:4      | HP: 1/53 [quokka (2)]
  2764 | D:4      | Demolished by a gnoll

Illustrated notes

Levels and vault maps discovered:
D:1:      sevenhm_arrival_forest_fort_small_4, layout_rooms
D:2:      layout_loops_ring, nicolae_ecumenical_lake_church
D:3:      layout_loops_corners
D:4:      layout_cave_pods, nemelex_dance_club_becter

Skill      XL: |  1  2  3  4  5 |
---------------+----------------+-----
Axes           | 3 4 |  4.7
Armour         | 4 |  4.7
Fighting       | 4 |  4.7
Dodging        | 1 2 |  2.2
Shields        | 4 |  4.6

Action                     |  1- 3 |  4- 6 || total
---------------------------+-------+-------++-------
  Melee: War axe           |    87 |    62 ||   149
         Headbutt          |     5 |     8 ||    13
    Use: Scroll            |     7 |     7 ||    14
         Potion            |       |     3 ||     3
 Armour: Scale mail        |    51 |    35 ||    86
  Dodge: Dodged            |    50 |    41 ||    91
  Block: Buckler           |    18 |    14 ||    32

Table legend: (Time is in decaauts)
 A = Elapsed time spent in this place.
 B = Non-inter-level travel time spent in this place.
 C = Inter-level travel time spent in this place.
 D = Time resting spent in this place.
 E = Time spent auto-exploring this place.
 F = Levels seen in this place.
 G = Mean time per level.
                   A        B        C        D        E       F      G
               +--------+--------+--------+--------+--------+-----+--------+
         Total |   2817 |   2698 |    119 |    161 |   1982 |   4 |  704.2 |
       Dungeon |   2817 |   2698 |    119 |    161 |   1982 |   4 |  704.2 |
               +--------+--------+--------+--------+--------+-----+--------+

Top non-repeatable levels by time:
     D:3: 1000 daAuts
     D:2: 828 daAuts
     D:4: 606 daAuts
     D:1: 382 daAuts
